 Dungeon Crawl Stone Soup version 0.19.1 (webtiles) character file.

4441 esteth the Agent of Entropy (level 10, -10/71 HPs)
             Began as a Formicid Abyssal Knight on Dec 21, 2016.
             Was a Priest of Lugonu.
             Mangled by a komodo dragon (14 damage)
             ... on level 1 of the Lair of Beasts.
             The game lasted 00:33:04 (10430 turns).

esteth the Agent of Entropy (FoAK)                 Turns: 10430, Time: 00:33:05

Health: -10/71     AC: 16    Str: 24    XL:     10   Next: 63%
Magic:  16/16      EV:  8    Int: 12    God:    Lugonu [***...]
Gold:   102        SH:  5    Dex:  8    Spells: 0 memorised, 9 levels left

rFire  + . .     SeeInvis +     a - +5 hand axe
rCold  . . .     Gourm    .     b - +1 plate armour
rNeg   . . .     Faith    +     v - +0 buckler
rPois  .         Spirit   .     (helmet unavailable)
rElec  .         Reflect  .     (no cloak)
rCorr  .         Harm     .     q - +0 pair of gloves
MR     +....                    n - +0 pair of boots
Stlth  ..........               z - amulet of faith
                                E - +4 ring of strength
                                u - ring of protection from fire

@: no status effects
A: permanent stasis, dig shafts and tunnels, four strong arms, antennae 3,
clumsy 1, frail 1, screaming 1
a: Dig, Shaft Self, Depart the Abyss, Bend Space, Banish, Renounce Religion


You were on level 1 of the Lair of Beasts.
You worshipped Lugonu.
Lugonu was most pleased with you.
You were not hungry.

You visited 2 branches of the dungeon, and saw 9 of its levels.
You visited the Abyss 1 time.

You collected 292 gold pieces.
You spent 190 gold pieces at shops.

Inventory:

Hand Weapons
 a - a +5 hand axe (weapon)
 d - a +0 antimagic short sword
 t - a +0 hunting sling
 H - a +0 shortbow
Missiles
 I - 60 arrows
Armour
 b - a +1 plate armour (worn)
 j - a +2 chain mail
 n - a +0 pair of boots (worn)
 q - a +0 pair of gloves (worn)
 v - a +0 buckler (worn)
 K - a +2 pair of gloves
Jewellery
 u - a ring of protection from fire (left hand)
 z - an amulet of faith (around neck)
 D - an uncursed ring of fire
 E - a +4 ring of strength (right hand)
 O - an uncursed ring of positive energy {unknown}
Wands
 w - a wand of flame (17/48)
 B - a wand of paralysis (7/24)
 C - a wand of flame (19/48)
 G - a wand of lightning (9/15)
 L - a wand of flame (29/48)
Scrolls
 e - a scroll of magic mapping
 h - 2 scrolls of amnesia
 k - a scroll of remove curse
 l - 2 scrolls of fear
 M - a scroll of identify
Potions
 f - a potion of agility
 p - 2 potions of brilliance
 s - a potion of resistance
 x - 3 potions of flight
 F - a potion of lignification
Comestibles
 c - 4 bread rations
 g - 3 meat rations
 i - 2 royal jellies
 m - 10 fruits
 o - 2 slices of pizza
 r - 3 beef jerkies


   Skills:
 + Level 7.1 Fighting
 * Level 8.2 Axes
 + Level 7.0 Armour
 - Level 3.5 Dodging
 * Level 5.9 Shields
 - Level 8.2 Invocations


You had 9 spell levels left.
You didn't know any spells.

Dungeon Overview and Level Annotations

Branches:
Dungeon (8/15)             Temple (0/1) D:7            Lair (1/6) D:8

Altars:
Kikubaaqudgha
Makhleb
Qazlal
The Shining One

Shops:
D:7 %

Annotations:
D:8 exclusion: player ghost, Philosophy's ghost, novice FoFi
Abyss:1 Gastronok


Innate Abilities, Weirdness & Mutations

You are under a permanent stasis effect.
You can dig through walls and to a lower floor.
Your four strong arms can wield two-handed weapons with a shield.
You have a pair of large antennae on your head. (SInv)
You are clumsy. (Dex -2)
You are frail. (-10% HP)
You occasionally shout uncontrollably at your foes.


Message History

The komodo dragon bites you!
The basilisk bites you but does no damage.
The komodo dragon bites you!! The basilisk bites you!
The komodo dragon bites you! The basilisk gazes at you.
You easily resist.
The komodo dragon bites you!! The basilisk bites you.
The komodo dragon bites you but does no damage.
The basilisk bites you but does no damage.
The komodo dragon bites you!!
* * * LOW HITPOINT WARNING * * *
The basilisk bites you but does no damage.
The komodo dragon bites you.
* * * LOW HITPOINT WARNING * * *
The basilisk bites you!
* * * LOW HITPOINT WARNING * * *
You turn to flesh and can move again.
Are you sure you want to shaft yourself?
You feel quite a bit more hungry. The komodo dragon bites you!
You die...

## ##...#
.######...P####...#..
#.##PP#...........#. .
...................## ..
...##.P.............#..
.######...####.......##.
.## #..## #.........#
..#####..### #...l...[.#
.##.#.#..#.###..@l......
.......................⌠
........................
......................#.
.........#.##...###...#
......)..####...# ...#
...........##...# ....
................. ....
..###......!......


You could see a komodo dragon and a basilisk.

Vanquished Creatures
  A spiny frog (Lair:1)
  2 yaks (Lair:1)
  Eustachio (D:4)
  A hungry ghost (D:8)
  Duvessa (D:7)
  A porcupine (Lair:1)
  3 ogres
  2 centaurs
  2 crocodiles (D:8)
  2 bullfrogs
  A water moccasin zombie (D:5)
  4 scorpions
  Dowan (D:7)
  A howler monkey (D:4)
  3 crimson imps
  A quasit (D:8)
  2 hounds
  2 orc priests (D:4)
  A centaur skeleton (D:4)
  2 jellies
  3 orc wizards
  A bullfrog skeleton (D:4)
  An iguana (D:8)
  7 worker ants
  A killer bee zombie (D:7)
  The ghost of dscm the Skirmisher, a weakling HOFi (D:4)
  A hound zombie (D:6)
  A hound skeleton (D:4)
  Robin (D:2)
  A howler monkey zombie (D:5)
  A howler monkey skeleton (D:4)
  7 adders
  2 shadow imps (D:5)
  An ooze (D:3)
  2 worms
  3 dart slugs
  6 leopard geckos
  18 orcs
  2 giant cockroaches
  14 goblins
  8 hobgoblins
  7 jackals
  9 quokkas
  4 bats
  5 frilled lizards
  5 kobolds
  A leopard gecko skeleton (D:5)
  2 leopard gecko zombies (D:6)
  2 quokka skeletons (D:5)
  6 rats
  A fungus (Lair:1)
158 creatures vanquished.

Vanquished Creatures (others)
  A spiny frog (D:7)
  2 yaks (Lair:1)
  An ogre (D:5)
4 creatures vanquished.

Grand Total: 162 creatures vanquished

Notes
Turn   | Place    | Note
-------+----------+-------------------------------------------
     0 | Abyss:1  | esteth the Formicid Abyssal Knight began the quest for the Orb.
     0 | Abyss:1  | Reached XP level 1. HP: 18/18 MP: 2/2
     7 | D:1      | Escaped the Abyss
    78 | D:1      | Reached skill level 1 in Dodging
   154 | D:1      | Reached XP level 2. HP: 24/24 MP: 3/3
   624 | D:1      | Reached XP level 3. HP: 29/29 MP: 4/4
  1210 | D:2      | Found a faded altar of an unknown god.
  1309 | D:2      | Found a stormy altar of Qazlal.
  1396 | D:2      | Reached ** piety under Lugonu
  1397 | D:2      | Reached XP level 4. HP: 28/37 MP: 5/5
  1521 | D:2      | Noticed Robin
  1544 | D:2      | Killed Robin
  2101 | D:3      | Reached XP level 5. HP: 41/42 MP: 6/6
  2660 | D:4      | Noticed dscm's ghost (weakling HOFi)
  2685 | D:4      | Killed dscm's ghost
  3194 | D:4      | Noticed an ogre
  3195 | D:4      | Reached XP level 6. HP: 43/48 MP: 7/7
  3256 | D:3      | You fall through a shaft for 3 floors!
  3358 | D:5      | Entered Level 5 of the Dungeon
  3762 | D:5      | Reached XP level 7. HP: 53/55 MP: 8/8
  3885 | D:5      | Reached skill level 5 in Fighting
  3938 | D:4      | Reached *** piety under Lugonu
  3938 | D:4      | Reached skill level 5 in Axes
  4276 | D:4      | HP: 2/56 [ogre/giant club (15)]
  4278 | D:4      | You fall through a shaft!
  4283 | D:5      | You fall through a shaft for 3 floors!
  4283 | D:8      | Found a staircase to the Lair.
  4283 | D:8      | Noticed a spiny frog
  4283 | D:8      | Noticed Gastronok
  4286 | D:8      | Noticed Philosophy's ghost (novice FoFi)
  4557 | D:7      | Gained mutation: You are frail. (-10% HP) [potion of mutation]
  4557 | D:7      | Gained mutation: You are clumsy. (Dex -2) [potion of mutation]
  4557 | D:7      | Gained mutation: You occasionally shout uncontrollably at your foes. [potion of mutation]
  4861 | D:5      | Reached XP level 8. HP: 53/55 MP: 8/10
  4988 | D:5      | Found a burning altar of Makhleb.
  5789 | D:4      | Noticed Eustachio
  5889 | D:4      | Killed Eustachio
  5889 | D:4      | Reached skill level 5 in Invocations
  6989 | D:6      | Found an ancient bone altar of Kikubaaqudgha.
  7392 | D:6      | Reached XP level 9. HP: 53/61 MP: 13/15
  7660 | D:6      | Found a glowing golden altar of the Shining One.
  7923 | D:7      | Noticed Dowan
  7929 | D:7      | Noticed Duvessa
  7932 | D:7      | Killed Dowan
  7943 | D:7      | Killed Duvessa
  8301 | D:7      | Found a staircase to the Ecumenical Temple.
  8332 | D:7      | Found Deyniq's Food Emporium.
  8337 | D:7      | Bought a royal jelly for 20 gold pieces
  8337 | D:7      | Bought a bread ration for 50 gold pieces
  8337 | D:7      | Bought a meat ration for 50 gold pieces
  8337 | D:7      | Bought a bread ration for 50 gold pieces
  8337 | D:7      | Bought a royal jelly for 20 gold pieces
  8573 | D:7      | Reached skill level 5 in Armour
  8629 | D:7      | Banished a spiny frog
  8944 | D:8      | Reached skill level 1 in Shields
  9099 | D:8      | Banished Gastronok
  9099 | D:8      | Reached XP level 10. HP: 5/69 MP: 16/16
  9590 | D:8      | Reached skill level 5 in Shields
  9609 | Lair:1   | Entered Level 1 of the Lair of Beasts
  9653 | Lair:1   | Noticed a spiny frog
  9679 | Lair:1   | Killed a spiny frog
  9921 | Lair:1   | Reached **** piety under Lugonu
 10227 | Lair:1   | Noticed a komodo dragon
 10430 | Lair:1   | Mangled by a komodo dragon

Skill      XL: |  1  2  3  4  5  6  7  8  9 10 |
---------------+-------------------------------+-----
Dodging        | 1 2 3 |  3.5
Fighting       | 4 5 6 7 |  7.1
Axes           | 3 4 5 7 8 |  8.2
Armour         | 3 4 6 7 |  7.0
Invocations    | 8 |  8.2
Shields        | 4 5 |  5.9

Action                   |  1- 3 |  4- 6 |  7- 9 | 10-12 || total
-------------------------+-------+-------+-------+-------++-------
Melee: Hand axe          |   105 |   155 |   372 |    94 ||   726
Invok: Banish            |       |       |     2 |     3 ||     5
 Abil: Dig               |     3 |     3 |     6 |     2 ||    14
       Shaft Self        |       |     1 |     2 |     1 ||     4
Evoke: Wand              |       |       |     2 |       ||     2
  Use: Scroll            |       |    12 |     9 |     5 ||    26
       Potion            |       |     1 |     9 |     4 ||    14
  Eat: Chunk             |     1 |     6 |    11 |     1 ||    19
       Bread ration      |       |     1 |       |     2 ||     3
       Fruit             |       |       |     6 |       ||     6
       Pizza             |       |       |     1 |       ||     1
Armor: Leather armour    |     6 |       |       |       ||     6
       Chain mail        |    67 |    38 |       |       ||   105
       Plate armour      |       |    57 |   319 |    48 ||   424
Dodge: Dodged            |    47 |    49 |   130 |    23 ||   249
Block: Buckler           |       |       |    13 |    17 ||    30
